 Dungeon Crawl Stone Soup version 0.30.1-4-g462c640d31 (webtiles) character file.

Game seed: 1100009256840224946

248 lonewolfV2 the Chopper (level 5, 0/41 HPs)
             Began as a Demonspawn Gladiator on Aug 23, 2023.
             Slain by a gnoll bouda
             ... wielding a +0 whip
              (7 damage)
             ... on level 4 of the Dungeon.
             The game lasted 00:05:31 (2744 turns).

lonewolfV2 the Chopper (Demonspawn Gladiator)       Turns: 2744, Time: 00:05:33

Health: 0/41       AC:  4    Str: 16    XL:     5   Next: 86%
Magic:  5/5        EV: 13    Int:  9    God:
Gold:   67         SH:  0    Dex: 15    Spells: 4/4 levels left

rFire   . . .        a - +0 war axe
rCold   . . .        (no shield)
rNeg    . . .        b - +0 leather armour
rPois   .            c - +0 helmet
rElec   .            (no cloak)
rCorr   .            (no gloves)
SInv    .            (no boots)
Will    .....        g - amulet of regeneration
Stlth   +            (no ring)
HPRegen 2.06/turn    (no ring)
MPRegen 0.09/turn

%: no passive effects
@: weakened
A: powered by death 1
a: no special abilities


You were on level 4 of the Dungeon.
You visited 1 branch of the dungeon, and saw 5 of its levels.

You collected 117 gold pieces.
You spent 50 gold pieces at shops.

Inventory:

Hand Weapons
 a - a +0 war axe (weapon)
Missiles
 d - 3 throwing nets (quivered)
 e - 4 javelins
Armour
 b - a +0 leather armour (worn)
 c - a +0 helmet (worn)
Jewellery
 g - an amulet of regeneration (around neck)
 o - a ring of see invisible
Scrolls
 f - 6 scrolls of immolation
 h - 2 scrolls of blinking
 n - a scroll of fear {unknown}
 s - a scroll of identify
 t - a scroll of vulnerability {unknown}
 v - a scroll of magic mapping {unknown}
Potions
 j - a potion of cancellation {unknown}
 l - a potion of might {unknown}
 m - a potion of curing {unknown}
 p - 2 potions of berserk rage {unknown}
 q - 2 potions of lignification {unknown}
 r - a potion of mutation {unknown}
 u - 3 potions of invisibility {unknown}
 w - a potion of haste {unknown}


   Skills:
 + Level 3.1 Fighting
 + Level 4.4 Axes
 + Level 1.8 Throwing
 + Level 1.8 Armour
 + Level 3.5 Dodging
 + Level 0.5 Stealth


You had 4 spell levels left.
You didn't know any spells.
Your spell library contained the following spells:

 Spells                   Type           Power      Damage    Failure   Level
 Cigotuvi's Dreadful Rot  Necr/Pois/Air  0%         N/A       58%         2
 Dispel Undead            Necr           0%         3d6       99%         4
 Death Channel            Necr           0%         N/A       100%        6


Dungeon Overview and Level Annotations

Branches:
Dungeon (5/15)
 Temple: D:4-7

Altars:

Shops:
D:3 ::(*:


Innate Abilities, Weirdness & Mutations

You regenerate a little health from kills.


Message History

The centaur is heavily wounded.
You hit the gnoll bouda but do no damage.
The centaur hits you. The centaur barely misses you.
The gnoll bouda gazes fiercely through you!
You feel as though you will be weak longer.
The gnoll bouda hits you with a +0 whip.
The centaur closely misses you.
The centaur kicks you but does no damage.
You hit the centaur.
The centaur is severely wounded.
You hit the gnoll bouda. The centaur closely misses you.
The centaur kicks you but does no damage.
The gnoll bouda completely misses you. The centaur barely misses you.
The centaur closely misses you. The gnoll bouda barely misses you.
You hit the centaur but do no damage.
The centaur is severely wounded.
You closely miss the gnoll bouda. The centaur hits you.
The centaur kicks you but does no damage.
The gnoll bouda closely misses you. The centaur barely misses you.
The centaur kicks you but does no damage.
You hit the centaur but do no damage.
The centaur is severely wounded.
You barely miss the gnoll bouda.
The centaur hits you but does no damage.
The centaur kicks you.
The gnoll bouda hits you but does no damage.
Unknown command.
You barely miss the centaur.
The centaur is severely wounded.
You hit the gnoll bouda but do no damage.
The centaur hits you but does no damage.
The centaur kicks you. The gnoll bouda barely misses you. The centaur hits you.
The centaur misses you.
You slash the centaur!
You kill the centaur!
You hit the gnoll bouda but do no damage.
The gnoll bouda hits you with a +0 whip!
* * * LOW HITPOINT WARNING * * *
The gnoll bouda hits you with a +0 whip!
You die...

#.# #.# ##.########
#.........# #########
#..######.# #.......#
##..#### #.# #.#####.##
#......###.### #........#
#..g.#.>.....#
#.#####..####†.)@.####.#.#
#.# #..........)†#####.#.#
#.###.#..#####.........#.#
#.....#..# ##.########.#
#..####..# #.# #.#
#........# ##'## #.#
#..#####.# ##...## #.#
#........# ##.....## #.##
##.##.######.......##
#..##


You could see a gnoll bouda.

Vanquished Creatures
  A centaur (D:4)
  3 hounds
  An iguana (D:4)
  2 gnolls (D:4)
  4 adders
  A worm (D:3)
  3 dart slugs
  2 orcs
  4 endoplasms
  4 giant cockroaches
  8 goblins
  5 hobgoblins
  7 jackals
  4 quokkas
  9 ball pythons
  3 bats
  6 frilled lizards
  2 kobolds (D:2)
  4 rats
73 creatures vanquished.

Notes
Turn   | Place    | Note
-------+----------+-------------------------------------------
     0 | D:1      | lonewolfV2 the Demonspawn Gladiator began the quest for the
                  | Orb.
     0 | D:1      | Reached XP level 1. HP: 16/16 MP: 1/1
   194 | D:1      | Gained mutation: You regenerate a little health from kills.
                  | [demonic ancestry]
   194 | D:1      | Reached XP level 2. HP: 22/22 MP: 2/2
   419 | D:2      | Found a faded altar of an unknown god.
   438 | D:2      | Reached skill level 3 in Axes
   584 | D:2      | Reached XP level 3. HP: 26/27 MP: 3/3
  1183 | D:3      | Reached XP level 4. HP: 27/34 MP: 4/4
  1212 | D:3      | Found Ashe's Book Shoppe.
  1253 | D:3      | Found Pehairh Bual's General Store.
  1253 | D:3      | Found Satzig's Antique Weapon Boutique.
  1259 | D:3      | Found Giopug's Book Shoppe.
  1297 | D:3      | Bought a potion of heal wounds for 50 gold pieces
  1388 | D:3      | Found Faduhy's Book Emporium.
  1721 | D:4      | Reached skill level 4 in Axes
  1721 | D:4      | Reached skill level 1 in Armour
  1728 | D:4      | Reached XP level 5. HP: 32/40 MP: 5/5
  2585 | D:5      | Entered Level 5 of the Dungeon
  2586 | D:5      | Noticed a centaur
  2744 | D:4      | Killed a centaur
  2744 | D:4      | Slain by a gnoll bouda

Illustrated notes

Levels and vault maps discovered:
D:1:      roderic_crossed_star, layout_basic
D:2:      layout_loops_ring, ebering_ecumenical_altar_ruins,
          nicolae_figureground_sparkle
D:3:      layout_basic, serial_shops, shop, nicolae_shop_tiny_waterfront,
          nicolae_shop_tiny_glass, shop, shop, fountainhead
D:4:      layout_loops_corners
D:5:      layout_cave_pools, minmay_temple_entry_statues_pillars,
          enter_ossuary_2, nicolae_shop_i_like_small_books_too

Skill      XL: |  1  2  3  4  5 |
---------------+----------------+-----
Dodging        | 3 |  3.5
Axes           | 3 4 |  4.4
Armour         | 1 |  1.8
Fighting       | 3 |  3.1
Throwing       | |  1.8
Stealth        | |  0.5

Action                     |  1- 3 |  4- 6 || total
---------------------------+-------+-------++-------
  Melee: War axe           |   108 |   123 ||   231
         Punch             |     2 |       ||     2
    Use: Scroll            |     3 |       ||     3
         Potion            |       |     3 ||     3
   Stab: Sleeping          |       |     2 ||     2
 Armour: Leather armour    |    39 |    58 ||    97
  Dodge: Dodged            |    86 |   154 ||   240
